 Adventure DCSS version bcrawl-1.19.2-6-g6a88ae04c9 (webtiles) character file.

Game seed: 10202361786592055083

185 glosham the Gusty (level 5, 28/28 HPs)
             Began as an Avariel Air Elementalist on Dec 22, 2019.
             Quit the game on level 3 of the Dungeon.
             The game lasted 00:41:18 (1751 turns).

glosham the Gusty (Avariel Air Elementalist)        Turns: 1751, Time: 00:41:19

Health: 28/28      AC:  3    Str:  6    XL:     5   Next: 64%
Magic:  13/13      EV: 12    Int: 23    God:
Gold:   224        SH:  0    Dex: 13    Spells: 4/12 levels left
                                        Lives:  1   Deaths: 1

rFire    . . .     SeeInvis .   a - +0 short sword
rCold    . . .     Gourm    .   (no shield)
rNeg     . . .     Faith    .   X - +0 robe (curse)
rPois    .         Spirit   .   (no helmet)
rElec    .         Reflect  .   (no cloak)
rCorr    .         Harm     .   (no gloves)
MR       .....                  W - +0 pair of boots
Stlth    ++........             (no amulet)
HPRegen  0.09/turn              (no ring)
MPRegen  0.13/turn              (no ring)

@: no status effects
A: no striking features
a: no special abilities


You were on level 3 of the Dungeon.
You were not hungry.

You visited 1 branch of the dungeon, and saw 3 of its levels.

You collected 224 gold pieces.

Inventory:

Hand Weapons
 a - a +0 short sword (weapon)
 b - a +0 flail of crushing
Missiles
 e - 187 arrows
 f - 439 stones (quivered)
 h - 234 sling bullets
Armour
 j - a +0 large shield
 W - a +0 pair of boots (worn)
 X - a cursed +0 robe (worn)
Magical Staves
 p - an uncursed staff of summoning
Scrolls
 n - a scroll of teleportation
Potions
 c - 2 potions of flight
 g - a potion of heal wounds
 l - 2 potions of brilliance
 m - a potion of ambrosia {unknown}
 o - 3 potions of curing
Comestibles
 d - 8 rations {!d}
 i - 6 chunks of flesh


   Skills:
 + Level 0.7 Short Blades
 + Level 0.1 Throwing
 - Level 2.1 Dodging
 - Level 2.1 Stealth
 + Level 4.2 Spellcasting
 * Level 4.9 Conjurations
 * Level 7.1 Air Magic


You had 4 spell levels left.
You knew the following spells:

 Your Spells              Type           Power        Failure   Level  Hunger
x - Lightning Bolt        Conj/Air       ####......   24%         5    ######.
z - Shock                 Conj/Air       ####.        1%          1    None
H - Swiftness             Chrm/Air       ###.....     3%          2    #......

Your spell library contained the following spells:

 Spells                   Type           Power        Failure   Level  Hunger
 Static Discharge         Air            #####...     1%          3    ##.....
 Airstrike                Air            #####.....   5%          4    ####...


Dungeon Overview and Level Annotations

Branches:
Dungeon (3/12)

Altars:
Gozag
Ru
The Shining One


Message History

The jackal barks!
The jackal bites you but does no damage.
The orc hits you. The jackal barely misses you. The jackal closely misses you.
The jackal barely misses you.
The orc priest calls down the wrath of Beogh upon you.
Beogh smites you!
* * * LOW HITPOINT WARNING * * *
Unknown command.
The jackal misses you. The jackal barely misses you.
There is a stone staircase leading up here.
The jackal barely misses you.
The orc priest mumbles some strange prayers to Beogh against you.
Beogh smites you!
You stop ascending the stairs.
You die...
Xom reaches out...
You are now level 5!
You rejoin the land of the living...
Are you sure you want to abandon this character and quit the game? (Confirm with "yes".)

######### #.......#
#.......# #.......#
#.......# #...@...###
### #.........# ###<.
#.......#.#######...#
#...................#
###########.)).#.##.#
##...###)#.....#.รท
##.....##.#.)...###
#.........#.....#
#.......###.....###


There were no monsters in sight!

Vanquished Creatures
  Sigmund (D:3)
  A hound (D:3)
  An orc priest (D:3)
  An orc wizard (D:3)
  An adder (D:3)
  An ooze (D:3)
  A worm (D:3)
  2 dart slugs
  4 leopard geckos
  8 orcs (D:3)
  4 giant cockroaches
  A goblin (D:1)
  9 hobgoblins
  7 jackals (D:3)
  6 quokkas
  A ball python (D:3)
  7 bats
  3 frilled lizards (D:1)
  7 kobolds
  24 rats
90 creatures vanquished.

Notes
Turn   | Place    | Note
-------+----------+-------------------------------------------
     0 | D:1      | glosham the Avariel Air Elementalist began the quest for
                  | the Orb.
     0 | D:1      | Reached XP level 1. HP: 10/10 MP: 6/6
   196 | D:1      | Reached XP level 2. HP: 15/15 MP: 5/7
   585 | D:1      | Learned a level 2 spell: Swiftness
   617 | D:2      | Reached skill level 5 in Air Magic
   674 | D:2      | Found an opulent altar of Gozag.
   716 | D:2      | Found a sacrificial altar of Ru.
   744 | D:2      | Reached XP level 3. HP: 19/19 MP: 6/9
   827 | D:2      | Found a glowing golden altar of the Shining One.
  1340 | D:3      | Reached XP level 4. HP: 4/24 MP: 2/10
  1425 | D:3      | Reached XP level 5. HP: 13/28 MP: 0/12
  1544 | D:3      | Reached skill level 6 in Air Magic
  1676 | D:3      | Learned a level 5 spell: Lightning Bolt
  1695 | D:3      | Noticed Sigmund
  1709 | D:3      | Killed Sigmund
  1709 | D:3      | Reached skill level 7 in Air Magic
  1709 | D:3      | Reached XP level 6. HP: 29/32 MP: 0/14
  1750 | D:3      | Killed from afar by an orc priest
  1751 | D:3      | Reached XP level 5. HP: -10/28 MP: 3/13
  1751 | D:3      | Quit the game

Skill      XL: |  1  2  3  4  5 |
---------------+----------------+-----
Air Magic      | 5 7 |  7.1
Conjurations   | 2 3 4 |  4.9
Spellcasting   | 3 4 |  4.2
Short Blades   | |  0.7
Throwing       | |  0.1
Dodging        | |  2.1
Stealth        | |  2.1

Action                   |  1- 3 |  4- 6 || total
-------------------------+-------+-------++-------
Melee: Short sword       |     4 |    22 ||    26
Throw: Stone             |       |     2 ||     2
 Cast: Shock             |    78 |    53 ||   131
  Use: Scroll            |     5 |     2 ||     7
  Eat: Chunk             |     1 |     1 ||     2
Armor: Robe              |     4 |    12 ||    16
Dodge: Dodged            |    10 |    34 ||    44
